Jonadab, neutral female human Tourist --- ---- --.-------------------------- | --..----.....%.....*..................| ----.............----......---...--------- |..................||......--.....------ |.....---.--.......|---................---- |.....| ------....-- |..............|%...| --....| --...-----............----...| |....-- |.....|.........------ |..-- --....| --..............-- --.-- --....---- --.....--........| --..-- |.[......---......||.......-- |....-- --.......Z%a.....-|--......-- --....| |-.%.....d^......- |.......| |....-- |.......--........|--......- ---.....| --.[)....|---.....--|........| |....^.-- - -----.*((....-----....| |.......-- |......| |.....<.(.........| |....| --......| --....-- | -----..........| ------ --.....| --..*| --..|..--.-- ----.-- ----- ------- -- -- Jonadab the Excursionist Experience level: 6 Strength: 15 Dexterity: 11 Constitution: 14 Intelligence: 13 Wisdom: 10 Charisma: 18 Health: 0(44) Energy: 15(15) Def: 13 Gold: 0 Moves: 10575 Dungeon seed: qSlwQdmSHghq6DFO Game ID: Jonadab_1479898042 Your Inventory: Amulets I - an uncursed amulet versus poison (being worn) Weapons a - an uncursed +0 elven dagger (weapon in hand) d - 11 uncursed +2 darts (in quiver) L - a blessed +0 orcish dagger Armor e - an uncursed +0 pair of iron shoes (being worn) l - an uncursed +0 plate mail (being worn) K - an uncursed greased +0 cloak of invisibility (being worn) N - an uncursed +0 orcish helm (being worn) Comestibles g - 2 uncursed tripe rations h - an uncursed egg x - an uncursed apple Rings j - an uncursed ring of searching s - an uncursed ring of regeneration C - an uncursed ring of conflict R - an uncursed ring of levitation Wands P - an uncursed wand of digging (0:8) Tools b - an uncursed greased bag of holding k - an uncursed skeleton key w - an uncursed magic whistle z - an uncursed blindfold T - an uncursed +0 unicorn horn Gems n - an uncursed worthless piece of yellow glass q - an uncursed worthless piece of green glass r - 2 uncursed worthless pieces of black glass y - 2 uncursed worthless pieces of violet glass Y - an uncursed flint stone Contents of the bag of holding: 287 gold pieces a blessed +0 dart an uncursed poisoned +0 dart 2 uncursed food rations an uncursed fortune cookie an uncursed tripe ration an uncursed scroll of confuse monster an uncursed scroll of earth a cursed scroll of earth a cursed scroll of enchant armor an uncursed scroll of enchant weapon an uncursed potion of healing an uncursed wand of digging (0:4) an uncursed wand of sleep (0:4) an uncursed wand of speed monster (0:5) an uncursed wand of striking (0:5) an uncursed wand of undead turning (0:6) 2 uncursed worthless pieces of white glass 2 uncursed worthless pieces of yellowish brown glass Spells and supernatural/magical abilities: Name Level Category Fail Memory W - pray for help -- divine ? -- Your skills at the end: Fighting Skills wands [Basic] Weapon Skills dart [Basic] Spellcasting Skills Final Attributes: You were piously aligned. You were poison resistant. You were invisible. You were protected. You are dead. Vanquished creatures: 2 giant mimics a leprechaun 2 giant spiders 2 gnome kings a brown pudding a werewolf 2 dwarf lords a blue jelly a white unicorn 2 snakes a bugbear 2 rock piercers 2 ponies a fog cloud a yellow light 5 shriekers 7 gnome lords 5 gnomish wizards a kobold mummy a gray ooze 4 elf zombies a ghoul a straw golem a paper golem 3 kittens 9 dwarves 2 homunculi a kobold shaman 3 rabid rats 2 giant bats 3 orc zombies 4 wererats 2 werejackals 5 iguanas an acid blob a coyote 3 gas spores 5 hobbits 11 manes a large kobold 6 giant rats 7 cave spiders a brown mold 2 yellow molds a green mold 4 red molds 32 gnomes 5 garter snakes 7 gnome zombies 3 geckos 19 jackals 5 foxes 5 kobolds 5 goblins 16 sewer rats 22 grid bugs 2 bats 6 lichens 10 kobold zombies 16 newts 278 creatures vanquished. Voluntary challenges: You used a wielded weapon 38 times, starting on turn 5751. You read items or engraved 23 times, starting on turn 663. You never genocided any monsters. You never polymorphed an object. You never changed form. You used no wishes. You never split a pudding. You wrote Elbereth's name 15 times, starting on turn 1003. You violated your moral code, losing 10 points of alignment, starting on turn 10125. Dungeon overview: The Dungeons of Doom: levels 1 to 10 Level 1 (StashOne) a fountain a long staircase Level 2 a jewelry store, a fountain Level 3 an armor shop, a fountain stairs to The Gnomish Mines Level 4 (SpareDarts-and-Pick-Axe) an altar to The Lady, a fountain, a sink Level 5 (Delphi) many fountains Level 6 (StashTwo) stairs to Sokoban Level 7 (MoreDarts-andTools) a general store Level 8 a fountain Level 9 a sink Level 10 The Gnomish Mines: levels 4 to 7 Level 4 stairs to The Dungeons of Doom Level 5 Level 6 many shops, a temple to Offler, some fountains Level 7 <- You were here Sokoban: levels 2 to 5 Level 2 Level 3 Level 4 Level 5 stairs to The Dungeons of Doom History has recorded: On T:1 you entered the Dungeons of Doom to retrieve the Amulet of Yendor! On T:32 you reached level 2 of The Dungeons of Doom. On T:691 you reached level 3 of The Dungeons of Doom. On T:1205 you reached level 4 of The Dungeons of Doom. On T:1220 you reached level 1 of The Gnomish Mines. On T:1485 you reached level 5 of The Dungeons of Doom. On T:2151 you reached level 6 of The Dungeons of Doom. On T:2886 you reached level 4 of Sokoban. On T:3263 you reached level 3 of Sokoban. On T:3942 you reached level 2 of Sokoban. On T:4443 you reached level 1 of Sokoban. On T:4652 you advanced to experience level 2. On T:4721 you advanced to experience level 3. On T:5264 you advanced to experience level 4. On T:6783 you reached level 2 of The Gnomish Mines. On T:6840 you reached level 3 of The Gnomish Mines. On T:7312 you reached level 4 of The Gnomish Mines. On T:8085 you advanced to experience level 5. On T:8102 you reached level 7 of The Dungeons of Doom. On T:8355 you reached level 8 of The Dungeons of Doom. On T:8444 you reached level 9 of The Dungeons of Doom. On T:8697 you reached level 10 of The Dungeons of Doom. Score breakdown: Gold: 107 ( 6917 points) Experience: 6 levels (12456 points) Exploration: 10 levels ( 19.61%) (12727 points) Discoveries: 11 items ( 3.65%) ( 5735 points) Valuables value: (no points given unless you survive) Artifact value: 0 ( 0 points) Variety of kills: 60 monsters ( 15.67%) (11874 points) Turncount: 10575 turns (-2461 points) Survival: died (score multiplied by 80%) Total score: 37798 Latest messages: You see here a partly eaten white unicorn corpse {1187}. The soldier ant bites! The soldier ant stings! The soldier ant misses. (2x) You add to the writing in the dust with your fingers. The soldier ant misses. (2x) You are caught in a bear trap. The soldier ant misses. The soldier ant stings! The orc zombie bumps right into you! The soldier ant just misses! The soldier ant stings! You are caught in a bear trap. The soldier ant bites! The soldier ant stings! You are caught in a bear trap. The soldier ant bites! The soldier ant stings! The orc zombie misses. The soldier ant misses. The soldier ant stings! You die... For some reason, you think that you can almost hear the Wizard laugh manically... Jonadab suddenly disappears! Final status: Aloha Jonadab the Tourist, killed by a soldier ant... You died in The Gnomish Mines on dungeon level 7 with 37798 points, and 287 pieces of gold, after 10575 moves. You were level 6 with a maximum of 44 hit points when you died.